 Dungeon Crawl Stone Soup version 0.31.0-32-g396128a36d (webtiles) character file.

Game seed: 11516724930925340839

8505 Egg the Mimic (level 11, -9/80 HPs)
             Began as an Octopode Alchemist on Mar 19, 2024.
             Was an Initiate of Gozag.
             Mangled by a two-headed ogre
             ... wielding a +0 giant club
              (23 damage)
             ... on level 10 of the Dungeon.
             The game lasted 00:29:23 (8920 turns).

Egg the Mimic (Octopode Alchemist)                  Turns: 8920, Time: 00:29:24

Health: -9/80      AC:  1    Str:  7    XL:     11   Next: 31%
Magic:  8/19       EV: 22    Int: 23    God:    Gozag
Gold:   428        SH:  0    Dex: 12    Spells: 7/21 levels left

rFire   . . .        (weapon currently unavailable)
rCold   . . .        (shield currently unavailable)
rNeg    . . .        (helmet restricted)
rPois   .            g - amulet of regeneration
rElec   .            p - +5 ring of evasion
rCorr   +            n - ring of resist corrosion
SInv    .            o - ring of willpower
Will    +....        (no ring)
Stlth   +            (no ring)
HPRegen 1.13/turn    (no ring)
MPRegen 0.16/turn    (no ring)
                     (no ring)

%: no passive effects
@: flux-form, hasted, glowing, very quick
A: glow, contaminating, almost no armour, amphibious, 8 rings, camouflage 1,
gelatinous body 1, (nimble swimmer 1), tentacles
a: Begin Untransformation, Renounce Religion, Potion Petition, Call Merchant,
Bribe Branch


You were on level 10 of the Dungeon.
You worshipped Gozag.
Gozag was aware of your devotion.
You were something dangerously unstable.
You visited 2 branches of the dungeon, and saw 11 of its levels.

You collected 1058 gold pieces.
You spent 504 gold pieces at shops.
You paid 126 gold pieces to Gozag.

Inventory:

Hand Weapons
 a - a +4 trident of draining
 f - a +4 dagger
 G - a +6 long sword
Missiles
 F - a throwing net (quivered)
Armour
 I - an orb of energy
Magical Staves
 t - a staff of alchemy
Jewellery
 b - a ring of ice
 g - an amulet of regeneration (around mantle)
 n - a ring of resist corrosion (right tentacle)
 o - a ring of willpower (on tentacle)
 p - a +5 ring of evasion (left tentacle)
Talismans
 e - a flux talisman (active)
 k - a flux talisman (active)
Wands
 s - a wand of charming (13)
 J - a wand of flame (4)
Scrolls
 l - 2 scrolls of enchant weapon {unknown}
 m - 2 scrolls of immolation
 q - 2 scrolls of revelation {unknown}
 u - 2 scrolls of amnesia
 w - 7 scrolls of enchant armour
 x - a scroll of brand weapon {unknown}
 y - 3 scrolls of blinking {unknown}
 D - a scroll of teleportation
 E - 4 scrolls of vulnerability {unknown}
 M - 2 scrolls of acquirement {unknown}
Potions
 c - 3 potions of enlightenment
 d - 3 potions of curing
 h - 4 potions of attraction
 i - 3 potions of haste
 r - a potion of invisibility {unknown}
 v - a potion of cancellation {unknown}
 z - 2 potions of mutation {unknown}
 A - a potion of heal wounds {unknown}
 B - a potion of might {unknown}
 C - a potion of lignification {unknown}
 K - a potion of brilliance
 L - 2 potions of magic


   Skills:
 - Level 9.0 Fighting
 - Level 2.0 Dodging
 - Level 2.6 Stealth
 * Level 5.5 Spellcasting
 - Level 1.0 Conjurations
 - Level 5.0 Fire Magic
 - Level 8.0 Alchemy
 - Level 10.0 Shapeshifting


You had 7 spell levels left.
You knew the following spells:

 Your Spells              Type           Power      Damage    Failure   Level
a - Sticky Flame          Fire/Alch      36%        2d8       6%          4
b - Olgreb's Toxic Radia  Alch           43%        N/A       3%          4
c - Eringya's Noxious Bo  Alch           21%        4d6       45%         6

Your spell library contained the following spells:

 Spells                   Type           Power      Damage    Failure   Level
 Sting                    Conj/Alch      100%       1d9       1%          1
 Mercury Vapours          Alch/Air       48%        N/A       2%          2
 Mephitic Cloud           Conj/Alch/Air  20%        N/A       8%          3
 Summon Forest            Summ/Tloc      3%         N/A       94%         5
 Summon Hydra             Summ           3%         N/A       100%        7


Dungeon Overview and Level Annotations

Branches:
Dungeon (10/15)            Temple (1/1) D:4
   Lair: D:8-11         Orc: D:9-12

Altars:
Ashenzari
Cheibriados
Dithmenos
Elyvilon
Fedhas
Gozag
Hepliaklqana
Kikubaaqudgha
Makhleb
Nemelex Xobeh
Okawaru
Qazlal
Ru
Sif Muna
Trog
Uskayaw
Vehumet
Wu Jian
Xom
Yredelemnul
Zin
The Shining One

Shops:
D:9 :


Innate Abilities, Weirdness & Mutations

You are something dangerously unstable.
You glow with magical radiation, making you easy to see and hit.
Foes you strike become dangerously contaminated with magical radiation.
You are incapable of wielding weapons or throwing items.
You cannot wear most types of armour.
You are amphibious.
You can wear up to eight rings at the same time.
Your skin changes colour to match your surroundings (Stealth+).
Your rubbery body absorbs attacks. (AC +1, EV +1)
((You are camouflaged when in or above water. (Stealth+)))
You have tentacles for arms and can constrict up to eight enemies at once.


Message History

The two-headed ogre glows dangerously bright.
You squeeze the two-headed ogre.
The two-headed ogre is moderately wounded.
The two-headed ogre hits you with a +0 giant club!!
The two-headed ogre hits you with a +0 dire flail!!
* * * LOW HITPOINT WARNING * * *
Casting: Olgreb's Toxic Radiance (dangerous; 3% risk of failure)
Confirm with . or Enter, or press ? or * to list all spells.
Okay, then.
Okay, then.
As you read the scroll of fear, it crumbles to dust.
You assume a fearsome visage.
The two-headed ogre looks frightened!
Your attack snaps the two-headed ogre out of its fear.
The two-headed ogre looks even sicker.
Your toxic aura wanes.
The two-headed ogre barely misses you. The two-headed ogre misses you.
Okay, then.
You feel yourself speed up.
Okay, then.
Okay, then.
Okay, then.
Okay, then.
As you read the scroll of torment, it crumbles to dust.
Your body is wracked with pain!
* * * LOW HITPOINT WARNING * * *
The two-headed ogre convulses!
Casting: Olgreb's Toxic Radiance (dangerous; 3% risk of failure)
Confirm with . or Enter, or press ? or * to list all spells.
Okay, then.
Casting: Olgreb's Toxic Radiance (dangerous; 3% risk of failure)
Confirm with . or Enter, or press ? or * to list all spells.
Aiming: Sticky Flame (dangerous; 6% risk of failure)
Press: ? - help, Shift-Dir - straight line, f - two-headed ogre
Aim: a two-headed ogre, wielding a +0 giant club and a +0 dire flail (severely wounded, very poisoned, contaminated)
The sticky flame hits the two-headed ogre.
The two-headed ogre is almost dead.
The two-headed ogre burns!
The two-headed ogre closely misses you.
The two-headed ogre hits you with a +0 dire flail!!
You die...
Your body crumbles into a pile of gold.

#.###......###....
#..##.###...###...
###..## ##...###..
#.#.# ##...##..
#.##.## ##.....#.
## ##.###........
#...........# ###
##.........## #p##
#..........#
##O#####....###...
##........### #.<
##.####...## ..
#.## ##.### .. ###
##...## #.#
###.....####..#
#....###.....##
####.# ###....#


You could see a two-headed ogre (burning, very poisoned, contam).

Vanquished Creatures
  Erolcha (D:9)
  Pikel (D:8)
  Maurice (D:9)
  Maggie (D:6)
  Jeremiah (D:9)
  The ghost of Tripartite the Changeling, a novice SpSh (D:6)
  Prince Ribbit (D:5)
  A hornet (D:9)
  Sigmund (D:3)
  7 yaks (D:9)
  A steam dragon (D:9)
  Edmund (D:5)
  An acid dragon (D:9)
  3 water moccasins
  3 ice beasts
  An orc warrior (D:10)
  A sky beast (D:8)
  3 black bears (D:5)
  2 ogres
  3 centaurs
  3 kobold brigands (D:9)
  4 bullfrogs
  A gnoll sergeant (D:9)
  7 scorpions
  A wight (D:8)
  7 killer bees
  A crimson imp (D:5)
  A bombardier beetle (D:7)
  Crazy Yiuf (D:5)
  5 hounds
  3 orc priests
  A jelly (D:5)
  2 sleepcaps (D:7)
  3 iguanas
  5 orc wizards
  8 gnolls
  7 adders
  3 white imps
  2 ufetubi (D:7)
  2 ribbon worms
  29 orcs
  7 endoplasms
  5 giant cockroaches
  11 goblins
  3 hobgoblins
  7 jackals
  21 kobolds
  A quokka (D:5)
  4 ball pythons
  3 bats
  2 frilled lizards
  A goblin zombie (D:5)
  3 hobgoblin zombies (D:5)
  2 kobold skeletons (D:5)
  4 kobold zombies (D:5)
  4 rats
209 creatures vanquished.

Vanquished Creatures (collateral kills)
  A two-headed ogre (D:8)
  A bullfrog (D:8)
  A wight (D:8)
3 creatures vanquished.

Vanquished Creatures (others)
  A wight (D:8)
1 creature vanquished.

Grand Total: 213 creatures vanquished

Notes
Turn   | Place    | Note
-------+----------+-------------------------------------------
     0 | D:1      | Egg the Octopode Alchemist began the quest for the Orb.
     0 | D:1      | Reached XP level 1. HP: 11/11 MP: 3/3
   251 | D:1      | Reached XP level 2. HP: 17/17 MP: 5/5
   871 | D:2      | Reached XP level 3. HP: 17/21 MP: 3/6
   881 | D:2      | Reached skill level 5 in Alchemy
   901 | D:2      | Reached XP level 4. HP: 27/27 MP: 0/7
   906 | D:2      | Learned a level 4 spell: Olgreb's Toxic Radiance
  1331 | D:3      | Found a faded altar of an unknown god.
  1576 | D:3      | Found an iron altar of Okawaru.
  1581 | D:3      | Found a snail-covered altar of Cheibriados.
  1587 | D:3      | Found a hazy altar of Hepliaklqana.
  1624 | D:3      | Found a hide-covered altar of Uskayaw.
  1634 | D:3      | Noticed Sigmund
  1651 | D:3      | Killed Sigmund
  1652 | D:3      | Reached XP level 5. HP: 31/31 MP: 3/8
  1652 | D:3      | Reached XP level 6. HP: 36/36 MP: 3/9
  2007 | D:4      | Noticed a water moccasin
  2025 | D:4      | Learned a level 4 spell: Sticky Flame
  2034 | D:4      | Killed a water moccasin
  2157 | D:4      | Reached XP level 7. HP: 45/45 MP: 5/10
  2222 | D:4      | Found a staircase to the Ecumenical Temple.
  2420 | Temple   | Entered the Ecumenical Temple
  2759 | D:4      | You fall into a shaft and drop 1 floor!
  2759 | D:5      | Entered Level 5 of the Dungeon
  2820 | D:5      | Reached skill level 5 in Fighting
  2917 | D:5      | Reached skill level 1 in Shapeshifting
  2917 | D:5      | Reached XP level 8. HP: 55/55 MP: 2/11
  2919 | D:5      | Reached skill level 2 in Shapeshifting
  3088 | D:5      | Found a glowing golden altar of the Shining One.
  3110 | D:5      | Reached skill level 3 in Shapeshifting
  3207 | D:5      | Reached skill level 4 in Shapeshifting
  3245 | D:5      | Noticed Edmund
  3266 | D:5      | Killed Edmund
  3513 | D:5      | Reached skill level 5 in Shapeshifting
  3704 | D:5      | Noticed Prince Ribbit
  3714 | D:5      | Reached skill level 6 in Shapeshifting
  3719 | D:5      | Killed Prince Ribbit
  3720 | D:5      | Reached XP level 9. HP: 46/61 MP: 0/12
  3843 | D:5      | Found a runed translucent door.
  3844 | D:5      | Noticed Crazy Yiuf
  3883 | D:5      | Reached skill level 7 in Shapeshifting
  3921 | D:5      | Killed Crazy Yiuf
  4443 | D:6      | Reached skill level 1 in Fire Magic
  4834 | D:6      | Found a runed translucent door.
  4835 | D:6      | Noticed Tripartite's ghost (novice SpSh)
  5078 | D:6      | Noticed Maggie
  5093 | D:6      | Killed Maggie
  5094 | D:6      | Reached skill level 5 in Fire Magic
  5359 | D:6      | Killed Tripartite's ghost
  6211 | D:7      | Reached XP level 10. HP: 71/71 MP: 9/14
  6527 | D:8      | Found an opulent altar of Gozag.
  6535 | D:8      | Became a worshipper of Gozag Ym Sagoz the Greedy
  6539 | D:8      | Noticed Pikel
  6550 | D:8      | Killed Pikel
  6550 | D:8      | Noticed a two-headed ogre
  6866 | D:8      | Killed a two-headed ogre
  7037 | D:8      | Found a broken altar of Ashenzari.
  7108 | D:9      | Noticed Jeremiah
  7112 | D:9      | Reached skill level 8 in Shapeshifting
  7127 | D:9      | Killed Jeremiah
  7140 | D:9      | Reached skill level 9 in Shapeshifting
  7313 | D:9      | Reached XP level 11. HP: 80/80 MP: 6/15
  7404 | D:9      | Noticed Maurice
  7410 | D:9      | Maurice stole a +6 long sword
  7419 | D:9      | Killed Maurice
  7420 | D:9      | Reached skill level 10 in Shapeshifting
  7529 | D:9      | Found Tuedirre's Book Shop.
  7536 | D:9      | Bought a Fen Folio for 504 gold pieces
  7545 | D:9      | Learned a level 6 spell: Eringya's Noxious Bog
  8073 | D:9      | Noticed Erolcha
  8093 | D:9      | Killed Erolcha
  8094 | D:9      | Reached skill level 5 in Spellcasting
  8364 | D:10     | Entered Level 10 of the Dungeon
  8577 | D:10     | Noticed a two-headed ogre
  8920 | D:10     | Mangled by a two-headed ogre

Illustrated notes

Levels and vault maps discovered:
D:1:      dreamdust_arrival_sigmund_warning, layout_loops_ring,
          patterned_corridor
D:2:      layout_rooms, minmay_circled_x
D:3:      layout_basic, minmay_overflow_temple_star_quad,
          nicolae_uskayaw_dance_hall, nicolae_ecumenical_pavilion, uniq_sigmund
D:4:      layout_basic, minmay_temple_entry_glass, kennysheep_flooded_box
D:5:      layout_loops_ring, nicolae_tso_besieged_by_evil, serial_bayou_ford_a,
          kennysheep_generic_room_14, uniq_edmund, uniq_prince_ribbit1,
          uniq_crazy_yiuf_cottage
D:6:      layout_gridville, hellmonk_ghost_happy_afterlife, uniq_maggie
D:7:      layout_basic
D:8:      layout_rooms, grunt_gozag_statues, mainiacjoe_overflow_alcove_4,
          uniq_pikel
D:9:      layout_loops_ring, serial_shops, shop, uniq_erolcha, uniq_maurice,
          uniq_jeremiah
D:10:     layout_layer_cave, minmay_lair_entry_lava
Temple:   regret_index_temple_waves

Skill      XL: |  1  2  3  4  5  6  7  8  9 10 11 |
---------------+----------------------------------+-----
Alchemy        | 4 5 7 8 |  8.0
Fighting       | 2 5 7 9 |  9.0
Shapeshifting  | 1 6 7 9 10 | 10.0
Spellcasting   | 3 5 |  5.5
Fire Magic     | 5 |  5.0
Dodging        | |  2.0
Stealth        | |  2.6
Conjurations   | |  1.0

Action                     |  1- 3 |  4- 6 |  7- 9 | 10-12 || total
---------------------------+-------+-------+-------+-------++-------
  Melee: Club              |    16 |       |       |       ||    16
         Constrict         |     9 |    11 |    35 |    15 ||    70
         Unarmed           |     3 |       |    46 |    97 ||   146
         Tentacles         |     4 |     9 |    34 |    30 ||    77
         Dagger            |    22 |    40 |    84 |       ||   146
         Staff             |       |     7 |       |       ||     7
         Punch             |       |       |     2 |       ||     2
   Cast: Sting             |    19 |     3 |       |       ||    22
         Olgreb's Toxic Ra |       |     4 |    50 |    42 ||    96
         Sticky Flame      |       |     1 |    10 |     5 ||    16
  Evoke: Wand              |       |       |       |    10 ||    10
    Use: Scroll            |       |     5 |     5 |     5 ||    15
         Potion            |       |       |       |     2 ||     2
   Stab: Sleeping          |     3 |     4 |     4 |       ||    11
 Armour: Skin              |    15 |     8 |    49 |    39 ||   111
  Dodge: Dodged            |    33 |    34 |   124 |    98 ||   289
   Form: Flux              |       |       |     2 |       ||     2
                           |       |       |     1 |       ||     1
